| TOP OF THE 1ST |
|
Salinas Fire Frogs batting - Pitching for Stockton Mariners : RHP Larry Ferst
|
|
Pitching: RHP Larry Ferst
|
|
|
Batting: RHB Bobby Morin
|
0-0: Ball 1-0: Fly out, F9 (Flyball, 9LS, EV 81.3 MPH)
|
|
Batting: RHB Carlos Urias
|
0-0: Ball 1-0: Ball 2-0: Ball 3-0: Foul Ball, location: 2F 3-1: Swinging Strike 3-2: Base on Balls
|
|
Batting: LHB Raymond Smith
|
0-0: Ball 1-0: Ball 2-0: Fly out, F7 (Flyball, 7S, EV 90.0 MPH)
|
|
Batting: RHB Bruce Morrison
|
0-0: Ball 1-0: Ball 2-0: Called Strike 2-1: Fielders Choice at 2nd, 5-4 (Groundball, 56, EV 86.9 MPH)
|
| Top of the 1st over - 0 runs, 0 hits, 0 errors, 1 left on base; Salinas 0 - Stockton 0 |
| BOTTOM OF THE 1ST |
|
Stockton Mariners batting - Pitching for Salinas Fire Frogs : RHP Francis Reilly
|
|
Pitching: RHP Francis Reilly
|
|
|
Batting: LHB Ricky Nelson
|
0-0: Called Strike 0-1: Ball 1-1: Foul Ball, location: 2F 1-2: Foul Ball, location: 2F 1-2: Ground out 4-3 (Groundball, 4, EV 100.6 MPH)
|
|
Batting: LHB David Lanning
|
0-0: Called Strike 0-1: Ball 1-1: Fly out, F8 (Flyball, 8LXD, EV 86.9 MPH)
|
|
Batting: SHB Eddie Tanner
|
0-0: Ball 1-0: Ball 2-0: Called Strike 2-1: DOUBLE (Line Drive, 7LD, EV 108.8 MPH)
|
|
Batting: LHB David Cawthon
|
0-0: Ball 1-0: Ball 2-0: Called Strike 2-1: Foul Ball, location: 2F 2-2: Ball 3-2: SINGLE (Groundball, 4MD, EV 96.3 MPH) Eddie Tanner to third Eddie Tanner scores
|
|
Batting: LHB Joe Perna
|
0-0: Ball 1-0: Fly out, F8 (Flyball, 8LM, EV 81.9 MPH)
|
| Bottom of the 1st over - 1 run, 2 hits, 0 errors, 1 left on base; Salinas 0 - Stockton 1 |
| TOP OF THE 2ND |
|
Salinas Fire Frogs batting - Pitching for Stockton Mariners : RHP Larry Ferst
|
|
Batting: RHB Kevin Mitchell
|
0-0: Fly out, F7 (Line Drive, 7, EV 92.5 MPH)
|
|
Batting: LHB Daryl Pitts
|
0-0: Called Strike 0-1: Ball 1-1: Foul Ball, location: 2F 1-2: Ground out 6-3 (Groundball, 4M, EV 87.5 MPH)
|
|
Batting: LHB Charles McGehee
|
0-0: Called Strike 0-1: Ball 1-1: SINGLE (Groundball, 4M, EV 107.5 MPH) (infield hit)
|
|
Batting: RHB Ramon Jimenez
|
0-0: Ball 1-0: Ball 2-0: Ball 3-0: Called Strike 3-1: Fly out, F8 (Flyball, 8RD, EV 91.9 MPH)
|
| Top of the 2nd over - 0 runs, 1 hit, 0 errors, 1 left on base; Salinas 0 - Stockton 1 |
| BOTTOM OF THE 2ND |
|
Stockton Mariners batting - Pitching for Salinas Fire Frogs : RHP Francis Reilly
|
|
Batting: LHB Marty Pevey
|
0-0: Ball 1-0: Ball 2-0: Called Strike 2-1: Ground out 4-3 (Groundball, 4, EV 79.4 MPH)
|
|
Batting: RHB William Butler
|
0-0: Ball 1-0: Ball 2-0: Ground out 5-3 (Groundball, 5L, EV 106.9 MPH)
|
|
Batting: LHB Victor Gavidia
|
0-0: Fly out, F8 (Flyball, 89D, EV 98.8 MPH)
|
| Bottom of the 2nd over - 0 runs, 0 hits, 0 errors, 0 left on base; Salinas 0 - Stockton 1 |
| TOP OF THE 3RD |
|
Salinas Fire Frogs batting - Pitching for Stockton Mariners : RHP Larry Ferst
|
|
Batting: RHB Bruce Seid
|
0-0: Ball 1-0: Ground out 6-3 (Groundball, 6, EV 96.9 MPH)
|
|
Batting: RHB Bobby Morin
|
0-0: Fly out, F9 (Line Drive, 9, EV 91.3 MPH)
|
|
Batting: RHB Carlos Urias
|
0-0: Swinging Strike 0-1: Ground out 6-3 (Groundball, 6M, EV 81.9 MPH)
|
| Top of the 3rd over - 0 runs, 0 hits, 0 errors, 0 left on base; Salinas 0 - Stockton 1 |
| BOTTOM OF THE 3RD |
|
Stockton Mariners batting - Pitching for Salinas Fire Frogs : RHP Francis Reilly
|
|
Batting: RHB Brian Greer
|
0-0: Called Strike 0-1: Ball 1-1: Ball 2-1: Fly out, F7 (Flyball, 7, EV 95.0 MPH)
|
|
Batting: LHB Ricky Nelson
|
0-0: Called Strike 0-1: Ball 1-1: Fly out, F7 (Flyball, 7LS, EV 93.1 MPH)
|
|
Batting: LHB David Lanning
|
0-0: Ball 1-0: Ball 2-0: Called Strike 2-1: Foul Ball, location: 2F 2-2: Ball 3-2: Foul Ball, location: 2F 3-2: Base on Balls
|
|
Batting: SHB Eddie Tanner
|
0-0: Ball 1-0: Foul Ball, location: 2F 1-1: Ball 2-1: Ball 3-1: Base on Balls David Lanning to second
|
|
Batting: LHB David Cawthon
|
0-0: Ball 1-0: Swinging Strike 1-1: Swinging Strike 1-2: Fly out, F9 (Flyball, 89M, EV 91.9 MPH)
|
| Bottom of the 3rd over - 0 runs, 0 hits, 0 errors, 2 left on base; Salinas 0 - Stockton 1 |
| TOP OF THE 4TH |
|
Salinas Fire Frogs batting - Pitching for Stockton Mariners : RHP Larry Ferst
|
|
Batting: LHB Raymond Smith
|
0-0: Called Strike 0-1: Ground out 4-3 (Groundball, 34, EV 102.5 MPH)
|
|
Batting: RHB Bruce Morrison
|
0-0: Ball 1-0: Foul Ball, location: 2F 1-1: Foul Ball, location: 2F 1-2: Ball 2-2: Ground out 5-3 (Groundball, 56, EV 87.5 MPH)
|
|
Batting: RHB Kevin Mitchell
|
0-0: Ball 1-0: Foul Ball, location: 2F 1-1: Foul Ball, location: 2F 1-2: Strikes out looking
|
| Top of the 4th over - 0 runs, 0 hits, 0 errors, 0 left on base; Salinas 0 - Stockton 1 |
| BOTTOM OF THE 4TH |
|
Stockton Mariners batting - Pitching for Salinas Fire Frogs : RHP Francis Reilly
|
|
Batting: LHB Joe Perna
|
0-0: Called Strike 0-1: Ball 1-1: DOUBLE (Line Drive, 9LS, EV 88.8 MPH)
|
|
Batting: LHB Marty Pevey
|
0-0: Ball 1-0: Ball 2-0: TRIPLE (Flyball, 78XD, EV 110.6 MPH) Joe Perna scores
|
|
Batting: RHB William Butler
|
0-0: Called Strike 0-1: Ball 1-1: Ball 2-1: Ball 3-1: SINGLE (Line Drive, 3D, EV 98.1 MPH) Marty Pevey scores
|
|
Batting: LHB Victor Gavidia
|
0-0: Called Strike 0-1: Ball 1-1: Ball 2-1: Ground out 4-3 (Groundball, 4S, EV 68.1 MPH) William Butler to second
|
|
Batting: RHB Brian Greer
|
0-0: Ball 1-0: Ball 2-0: Foul Ball, location: 2F 2-1: SINGLE (Line Drive, 56D, EV 103.8 MPH) William Butler to third Runner from 3rd tries for Home, SAFE, throw by LF to home
|
|
Batting: LHB Ricky Nelson
|
0-0: Foul Ball, location: 2F 0-1: Ball 1-1: Fly out, F2 (Popup, 2LF, EV 89.4 MPH)
|
|
Batting: LHB David Lanning
|
0-0: Ball 1-0: Ball Brian Greer steals 2nd base (no throw) 2-0: DOUBLE (Line Drive, 89D, EV 105.6 MPH) Brian Greer scores
|
|
Batting: SHB Eddie Tanner
|
0-0: Called Strike 0-1: Ball 1-1: DOUBLE (Line Drive, 78D, EV 106.9 MPH) David Lanning scores
|
|
Pitching: RHP David Wong
|
|
|
Batting: LHB David Cawthon
|
0-0: Called Strike Balk! Eddie Tanner to third 0-1: Called Strike 0-2: Ball 1-2: Foul Ball, location: 2F 1-2: Ground out 4-3 (Groundball, 4, EV 90.6 MPH)
|
| Bottom of the 4th over - 5 runs, 6 hits, 0 errors, 1 left on base; Salinas 0 - Stockton 6 |
| TOP OF THE 5TH |
|
Salinas Fire Frogs batting - Pitching for Stockton Mariners : RHP Larry Ferst
|
|
Batting: LHB Daryl Pitts
|
0-0: Ball 1-0: Ball 2-0: Called Strike 2-1: Ball 3-1: Base on Balls
|
|
Batting: LHB Charles McGehee
|
0-0: Foul Ball, location: 2F 0-1: Ball 1-1: Ball 2-1: Called Strike 2-2: Fly out, F4 (Flyball, 3D, EV 91.9 MPH)
|
|
Batting: RHB Ramon Jimenez
|
0-0: Called Strike 0-1: Swinging Strike 0-2: Grounds into double play, 5-4-3 (Groundball, 56S, EV 86.9 MPH)
|
| Top of the 5th over - 0 runs, 0 hits, 0 errors, 0 left on base; Salinas 0 - Stockton 6 |
| BOTTOM OF THE 5TH |
|
Stockton Mariners batting - Pitching for Salinas Fire Frogs : RHP David Wong
|
|
Batting: LHB Joe Perna
|
0-0: Ball 1-0: Called Strike 1-1: Ball 2-1: Foul Ball, location: 2F 2-2: Fly out, F9 (Flyball, 9LS, EV 89.4 MPH)
|
|
Batting: LHB Marty Pevey
|
0-0: Foul Ball, location: 2F 0-1: Ball 1-1: Ball 2-1: Foul Ball, location: 2F 2-2: Strikes out swinging
|
|
Batting: RHB William Butler
|
0-0: Hit by Pitch
|
|
Batting: LHB Victor Gavidia
|
0-0: SINGLE (Flyball, 89M, EV 93.1 MPH) William Butler to second Runner from 2nd tries for 3rd, SAFE, throw by RF made to third
|
|
Batting: RHB Brian Greer
|
0-0: Fielders Choice at 2nd, 5-4 (Groundball, 56, EV 84.4 MPH)
|
| Bottom of the 5th over - 0 runs, 1 hit, 0 errors, 2 left on base; Salinas 0 - Stockton 6 |
| TOP OF THE 6TH |
|
Salinas Fire Frogs batting - Pitching for Stockton Mariners : RHP Larry Ferst
|
|
Batting: RHB Bruce Seid
|
0-0: Ground out 5-3 (Groundball, 56, EV 103.1 MPH)
|
|
Batting: RHB Bobby Morin
|
0-0: Ball 1-0: Foul Ball, location: 2F 1-1: Fly out, F8 (Flyball, 89S, EV 93.8 MPH)
|
|
Batting: RHB Carlos Urias
|
0-0: Ball 1-0: Called Strike 1-1: Swinging Strike 1-2: Ball 2-2: Ball 3-2: Foul Ball, location: 2F 3-2: Base on Balls
|
|
Batting: LHB Raymond Smith
|
0-0: Called Strike Carlos Urias steals 2nd base (no throw) 0-1: Ball 1-1: Ball 2-1: Ball 3-1: Swinging Strike 3-2: DOUBLE (Flyball, 89D, EV 88.8 MPH) Carlos Urias scores
|
|
Batting: RHB Bruce Morrison
|
0-0: Ball 1-0: Ball 2-0: Called Strike 2-1: Fly out, F3 (Popup, 3SF, EV 71.3 MPH)
|
| Top of the 6th over - 1 run, 1 hit, 0 errors, 1 left on base; Salinas 1 - Stockton 6 |
| BOTTOM OF THE 6TH |
|
Stockton Mariners batting - Pitching for Salinas Fire Frogs : RHP David Wong
|
|
Batting: LHB Ricky Nelson
|
0-0: Called Strike 0-1: Ground out 4-3 (Groundball, 4, EV 90.0 MPH)
|
|
Batting: LHB David Lanning
|
0-0: Ball 1-0: Ball 2-0: Ground out 4-3 (Groundball, 34, EV 88.8 MPH)
|
|
Batting: SHB Eddie Tanner
|
0-0: Ball 1-0: Ball 2-0: Ball 3-0: Called Strike 3-1: Foul Ball, location: 2F 3-2: Ground out 2-3 (Groundball, 2L, EV 70.6 MPH)
|
| Bottom of the 6th over - 0 runs, 0 hits, 0 errors, 0 left on base; Salinas 1 - Stockton 6 |
| TOP OF THE 7TH |
|
Salinas Fire Frogs batting - Pitching for Stockton Mariners : RHP Larry Ferst
|
|
Batting: RHB Kevin Mitchell
|
0-0: Fly out, F3 (Popup, 3, EV 75.0 MPH)
|
|
Batting: LHB Daryl Pitts
|
0-0: Ball 1-0: Ball 2-0: Foul Ball, location: 2F 2-1: Ball 3-1: Base on Balls
|
|
Batting: LHB Charles McGehee
|
0-0: Ball 1-0: Foul Ball, location: 2F 1-1: SINGLE (Line Drive, 9S, EV 106.3 MPH) Daryl Pitts to second
|
|
Batting: RHB Ramon Jimenez
|
0-0: Ball 1-0: Called Strike Daryl Pitts steals 3rd base Charles McGehee to second 1-1: Ball 2-1: Foul Ball, location: 2F 2-2: Fly out, F8 (Line Drive, 8LM, EV 103.8 MPH) Runner from 3rd tags up, SCORES, no throw by CF
|
|
Batting: RHB Bruce Seid
|
0-0: Ball 1-0: Ball Wild Pitch! Charles McGehee to third 2-0: Ball 3-0: Called Strike 3-1: Reached on error, E9 (Flyball, 89D, EV 101.3 MPH) Charles McGehee scores
|
|
Batting: RHB Bobby Morin
|
0-0: Ball 1-0: Ball 2-0: Foul Ball, location: 2F 2-1: Ground out 4-3 (Groundball, 34, EV 103.1 MPH)
|
| Top of the 7th over - 2 runs, 1 hit, 1 error, 1 left on base; Salinas 3 - Stockton 6 |
| BOTTOM OF THE 7TH |
|
Stockton Mariners batting - Pitching for Salinas Fire Frogs : RHP David Wong
|
|
Batting: LHB David Cawthon
|
0-0: Ground out U3 (Groundball, 3, EV 80.6 MPH)
|
|
Batting: LHB Joe Perna
|
0-0: Swinging Strike 0-1: Foul Ball, location: 2F 0-2: Fly out, F4 (Popup, 4, EV 67.5 MPH)
|
|
Batting: LHB Marty Pevey
|
0-0: Foul Ball, location: 2F 0-1: Foul Ball, location: 2F 0-2: Fly out, F9 (Line Drive, 9D, EV 87.5 MPH)
|
| Bottom of the 7th over - 0 runs, 0 hits, 0 errors, 0 left on base; Salinas 3 - Stockton 6 |
| TOP OF THE 8TH |
|
Salinas Fire Frogs batting - Pitching for Stockton Mariners : RHP Larry Ferst
|
|
Batting: RHB Carlos Urias
|
0-0: Ball 1-0: Swinging Strike 1-1: Swinging Strike 1-2: Ball 2-2: Fly out, F8 (Flyball, 8LD, EV 92.5 MPH)
|
|
Batting: LHB Raymond Smith
|
0-0: Ball 1-0: Called Strike 1-1: Ball 2-1: Ground out 6-3 (Groundball, 6, EV 78.8 MPH)
|
|
Batting: RHB Bruce Morrison
|
0-0: Called Strike 0-1: Ball 1-1: Foul Ball, location: 2F 1-2: Ground out 5-3 (Groundball, 56S, EV 89.4 MPH)
|
| Top of the 8th over - 0 runs, 0 hits, 0 errors, 0 left on base; Salinas 3 - Stockton 6 |
| BOTTOM OF THE 8TH |
|
Stockton Mariners batting - Pitching for Salinas Fire Frogs : RHP David Wong
|
|
Batting: RHB William Butler
|
0-0: Swinging Strike 0-1: Called Strike 0-2: Ground out 6-3 (Groundball, 6, EV 101.9 MPH)
|
|
Batting: LHB Victor Gavidia
|
0-0: Ball 1-0: Fly out, F6 (Popup, 6M, EV 58.1 MPH)
|
|
Batting: RHB Brian Greer
|
0-0: Ball 1-0: Ball 2-0: Called Strike 2-1: Called Strike 2-2: Foul Ball, location: 2F 2-2: Foul Ball, location: 2F 2-2: SINGLE (Groundball, 6MD, EV 108.1 MPH)
|
|
Pitching: RHP Thomas Schneider
|
|
|
Batting: LHB Ricky Nelson
|
0-0: Ground out 4-3 (Groundball, 4, EV 90.0 MPH)
|
| Bottom of the 8th over - 0 runs, 1 hit, 0 errors, 1 left on base; Salinas 3 - Stockton 6 |
| TOP OF THE 9TH |
|
Salinas Fire Frogs batting - Pitching for Stockton Mariners : RHP Larry Ferst
|
|
Now at 2B: Paul Plinski
|
|
|
Batting: RHB Kevin Mitchell
|
0-0: Ball 1-0: Called Strike 1-1: Ball 2-1: Foul Ball, location: 2F 2-2: Ground out 2-3 (Groundball, 15S, EV 69.4 MPH)
|
|
Batting: LHB Daryl Pitts
|
0-0: Called Strike 0-1: Foul Ball, location: 2F 0-2: Foul Ball, location: 2F 0-2: Foul Ball, location: 2F 0-2: Ball 1-2: Ball 2-2: Ball 3-2: Foul Ball, location: 2F 3-2: Foul Ball, location: 2F 3-2: Foul Ball, location: 2F 3-2: Fly out, F4 (Flyball, 34D, EV 86.3 MPH)
|
|
Batting: LHB Charles McGehee
|
0-0: Swinging Strike 0-1: Ball 1-1: Called Strike 1-2: Fly out, F9 (Flyball, 9S, EV 81.9 MPH)
|
| Top of the 9th over - 0 runs, 0 hits, 0 errors, 0 left on base; Salinas 3 - Stockton 6 |
|